 Dungeon Crawl Stone Soup version 0.29-a0-284-gf9362112df (webtiles) character file.

Game seed: 11152675218999737502

311 siradein the Bolt Thrower (level 6, -1/52 HPs)
             Began as a Draconian Hunter on Apr 1, 2022.
             Slain by Grinder (6 damage)
             ... while paralysed by Grinder
             ... on level 3 of the Dungeon.
             The game lasted 00:07:54 (2869 turns).

siradein the Bolt Thrower (Draconian Hunter)        Turns: 2869, Time: 00:07:55

Health: -1/52      AC:  7    Str: 13    XL:     6   Next: 18%
Magic:  6/6        EV:  2    Int: 10    God:
Gold:   122        SH:  0    Dex: 16    Spells: 5/5 levels left

rFire   . . .      SeeInvis .   a - +1 hand crossbow
rCold   . . .      Faith    .   (no shield)
rNeg    . . .      Spirit   .   (body armour unavailable)
rPois   .          Reflect  .   (helmet restricted)
rElec   .          Harm     .   (no cloak)
rCorr   .          Rampage  .   h - +0 pair of gloves
Will    .....                   (no boots)
Stlth   ++........              i - amulet of the acrobat
HPRegen 0.17/turn               (no ring)
MPRegen 0.10/turn               (no ring)

@: paralysed
A: AC +6, unfitting armour, cold-blooded
a: no special abilities


You were on level 3 of the Dungeon.
You visited 1 branch of the dungeon, and saw 3 of its levels.

You collected 122 gold pieces.

Inventory:

Hand Weapons
 a - a +1 hand crossbow (weapon)
Armour
 h - a +0 pair of gloves (worn)
Jewellery
 i - an amulet of the acrobat (around neck)
 o - an amulet of magic regeneration
Wands
 n - a wand of digging (7)
 p - a wand of polymorph (6)
Scrolls
 b - a scroll of immolation
 c - 2 scrolls of teleportation {unknown}
 d - 3 scrolls of identify {unknown}
 e - 2 scrolls of amnesia {unknown}
 j - 4 scrolls of magic mapping {unknown}
 k - 2 scrolls of enchant weapon {unknown}
 l - 4 scrolls of fog {unknown}
 m - a scroll of noise {unknown}
Potions
 f - a potion of haste {unknown}
 g - a potion of curing {unknown}
 q - a potion of degeneration {unknown}


   Skills:
 + Level 3.7 Fighting
 * Level 5.1 Crossbows
 + Level 3.0 Dodging
 + Level 2.7 Stealth


You had 5 spell levels left.
You didn't know any spells.
Your spell library contained the following spells:

 Spells                   Type           Power      Damage    Failure   Level
 Shock                    Conj/Air       0%         1d3       36%         1
 Swiftness                Air            0%         N/A       75%         3
 Airstrike                Air            0%         N/A       98%         4


Dungeon Overview and Level Annotations

Branches:
Dungeon (3/15)

Altars:

Annotations:
D:3 3 runed translucent doors, Grinder; Hubris850's ghost, amateur MiFi


Innate Abilities, Weirdness & Mutations

Your plain brown scales are hard. (AC +6)
You cannot fit into any form of body armour.
You are cold-blooded and may be slowed by cold attacks.


Message History

You shoot a bolt. The bolt hits Grinder!
Grinder is moderately wounded.
Grinder gestures at you. You resist with significant effort.
You shoot a bolt.
The bolt hits Grinder but does no damage.
Grinder is moderately wounded.
Grinder hits you.
You writhe in agony.
Grinder gestures at you. Pain shoots through your body!
You shoot a bolt.
The bolt hits Grinder but does no damage.
Grinder is moderately wounded.
Grinder hits you!
You writhe in agony.
You are too injured to fight recklessly!
You are too injured to fight recklessly!
You are too injured to fight recklessly!
You are too injured to fight recklessly!
You are too injured to fight recklessly!
Grinder gestures at you.
You suddenly lose the ability to move!
Grinder hits you.
* * * LOW HITPOINT WARNING * * *
You writhe in agony.
* * * LOW HITPOINT WARNING * * *
Grinder blinks!
You can move again.
Unknown command.
Grinder gestures at you.
You suddenly lose the ability to move!
Grinder hits you but does no damage.
You can move again.
Unknown command.
Unknown command.
Grinder gestures at you.
You suddenly lose the ability to move!
Grinder hits you.
* * * LOW HITPOINT WARNING * * *
You writhe in agony.
You die...

........# ...#(..$.(.# ##...###
........# #.####+++#######..###
........###.##.......##.....#
........##..##..........###.#
...........####.#.###.#####)# ###
..[.........###...###.####..# #..
...........................## #.#
.........###....######.....# ##.#
.........# ####5@..........# #..#
#.#...#### ###.####....[# #.##
.....## #..###.....# #.# >.....#
##..##########.# ......#######
##.## ##..# ............#
#..#######..## ............#
##..#......###.
.######.<...########....#####....
...# #.......................###


You could see Grinder.

Vanquished Creatures
  Sigmund (D:3)
  Ijyb (D:3)
  2 orc wizards (D:3)
  An adder (D:2)
  2 worms
  A dart slug (D:1)
  An orc (D:3)
  9 ball pythons
  6 endoplasms
  3 giant cockroaches
  5 goblins
  5 hobgoblins
  3 jackals (D:2)
  5 kobolds
  2 quokkas
  4 bats
  3 frilled lizards (D:1)
  9 rats
63 creatures vanquished.

Notes
Turn   | Place    | Note
-------+----------+-------------------------------------------
     0 | D:1      | siradein the Draconian Hunter began the quest for the Orb.
     0 | D:1      | Reached XP level 1. HP: 17/17 MP: 1/1
    31 | D:1      | Reached skill level 1 in Stealth
   131 | D:1      | Reached XP level 2. HP: 25/25 MP: 2/2
   205 | D:1      | Found a faded altar of an unknown god.
   246 | D:1      | Reached skill level 4 in Crossbows
   470 | D:1      | Reached XP level 3. HP: 29/30 MP: 3/3
  1339 | D:2      | Reached XP level 4. HP: 37/37 MP: 4/4
  1639 | D:3      | Noticed Ijyb
  1657 | D:3      | Killed Ijyb
  1870 | D:3      | Noticed Grinder
  2133 | D:3      | Paralysed by Grinder for 3 turns
  2138 | D:3      | Found a runed translucent gate.
  2138 | D:3      | Found a runed translucent gate.
  2139 | D:3      | Found a runed translucent gate.
  2146 | D:3      | Paralysed by Grinder for 3 turns
  2439 | D:3      | Noticed Hubris850's ghost (amateur MiFi)
  2453 | D:3      | Noticed Sigmund
  2487 | D:3      | Killed Sigmund
  2488 | D:3      | Reached skill level 5 in Crossbows
  2488 | D:3      | Reached XP level 5. HP: 30/45 MP: 5/5
  2617 | D:3      | Reached XP level 6. HP: 37/52 MP: 6/6
  2849 | D:3      | Paralysed by Grinder for 6 turns
  2858 | D:3      | Paralysed by Grinder for 7 turns
  2867 | D:3      | Paralysed by Grinder for 4 turns
  2869 | D:3      | Slain by Grinder

Illustrated notes

Levels and vault maps discovered:
D:1:      scummos_arrival_forest, layout_loops_ring,
          chequers_ecumenical_altar_island, minivault_4
D:2:      layout_loops_corners
D:3:      layout_rooms, ebering_ghost_rock_garden, uniq_grinder, uniq_sigmund,
          uniq_ijyb

Skill      XL: |  1  2  3  4  5 |
---------------+----------------+-----
Stealth        | 1 2 |  2.7
Dodging        | 2 3 |  3.0
Crossbows      | 4 5 |  5.1
Fighting       | 3 |  3.7

Action                   |  1- 3 |  4- 6 || total
-------------------------+-------+-------++-------
 Fire: Hand crossbow     |   115 |    76 ||   191
Armor: Skin              |    11 |    23 ||    34
Dodge: Dodged            |    21 |    32 ||    53

Table legend: (Time is in decaauts)
 A = Elapsed time spent in this place.
 B = Non-inter-level travel time spent in this place.
 C = Inter-level travel time spent in this place.
 D = Time resting spent in this place.
 E = Time spent auto-exploring this place.
 F = Levels seen in this place.
 G = Mean time per level.
                   A        B        C        D        E       F      G
               +--------+--------+--------+--------+--------+-----+--------+
         Total |   2928 |   2896 |     32 |    349 |   1938 |   3 |  976.0 |
       Dungeon |   2928 |   2896 |     32 |    349 |   1938 |   3 |  976.0 |
               +--------+--------+--------+--------+--------+-----+--------+

Top non-repeatable levels by time:
     D:2: 1200 daAuts
     D:3: 1037 daAuts
     D:1: 691 daAuts
